 Dungeon Crawl Stone Soup version 0.24.1-5-g77f818bfca (webtiles) character file.

Game seed: 10146615505905511395, levelgen mode: deterministic

190 Gruesph the Sneak (level 5, -3/45 HPs)
             Began as a Naga Wizard on Apr 23, 2020.
             Was an Initiate of Fedhas.
             Slain by a gnoll
             ... wielding a +2 vampiric spear
              (8 damage)
             ... on level 3 of the Dungeon.
             The game lasted 00:17:56 (4214 turns).

Gruesph the Sneak (Naga Wizard)                     Turns: 4214, Time: 00:17:56

Health: -3/45      AC:  2    Str: 11    XL:     5   Next: 69%
Magic:  1/9        EV:  5    Int: 18    God:    Fedhas [......]
Gold:   110        SH:  0    Dex:  9    Spells: 2/10 levels left

rFire    . . .     SeeInvis +   a - +2 trident (venom)
rCold    . . .     Gourm    .   (no shield)
rNeg     . . .     Faith    .   k - +0 robe
rPois    +         Spirit   .   b - +0 hat
rElec    .         Reflect  .   (no cloak)
rCorr    .         Harm     .   (no gloves)
MR       .....                  (no barding)
Stlth    ++........             (no amulet)
HPRegen  0.15/turn              (no ring)
MPRegen  0.11/turn              (no ring)

@: very slightly contaminated, held, very slow
A: large, see invisible, deformed body, poison resistance, slowness 2, slow
metabolism 1, spit poison 1, AC +1
a: Spit Poison, Renounce Religion


You were on level 3 of the Dungeon.
You worshipped Fedhas.
Fedhas was noncommittal.
You were not hungry.

You visited 1 branch of the dungeon, and saw 3 of its levels.

You collected 110 gold pieces.

Inventory:

Hand Weapons
 a - a +2 trident of venom (weapon)
Missiles
 d - 106 stones (quivered)
Armour
 b - a +0 hat (worn)
 k - a +0 robe (worn)
Jewellery
 c - an uncursed ring of ice {unknown}
Wands
 q - a wand of flame (7)
Scrolls
 e - a scroll of fog {unknown}
 g - 3 scrolls of teleportation {unknown}
 h - a scroll of enchant weapon {unknown}
 i - 5 scrolls of identify {unknown}
 l - 2 scrolls of immolation {unknown}
 n - a scroll of remove curse {unknown}
 r - a scroll of enchant armour {unknown}
 s - a scroll of noise {unknown}
Potions
 j - 2 potions of haste {unknown}
 m - 3 potions of curing {unknown}
 o - a potion of cancellation {unknown}
 p - 2 potions of flight {unknown}
Comestibles
 f - 4 rations


   Skills:
 + Level 2.1 Fighting
 - Level 1.5 Dodging
 + Level 4.8 Stealth
 - Level 3.0 Spellcasting
 + Level 2.5 Conjurations
 + Level 2.3 Summonings
 + Level 2.3 Translocations


You had 2 spell levels left.
You knew the following spells:

 Your Spells              Type           Power        Failure   Level  Hunger
a - Magic Dart            Conj           ##..         6%          1    None
b - Blink                 Tloc           N/A          10%         2    ##.....
c - Call Imp              Summ           ##......     10%         2    ##.....
d - Conjure Flame         Conj/Fire      #.......     28%         3    ###....

Your spell library contained the following spells:

 Spells                   Type           Power        Failure   Level  Hunger
 Slow                     Hex            #.......     24%         2    ##.....
 Mephitic Cloud           Conj/Pois/Air  #.......     34%         3    ###....


Dungeon Overview and Level Annotations

Branches:
Dungeon (3/15)

Altars:
Fedhas


Innate Abilities, Weirdness & Mutations

You cannot wear boots.
Your serpentine skin is tough. (AC +1)
You have supernaturally acute eyesight. (SInv)
Armour fits poorly on your strangely shaped body.
Your system is resistant to poisons. (rPois)
You cover ground very slowly.
You have a slow metabolism.
You can spit poison.


Message History

Evoke which item? (* to show all) (? for menu, Esc to quit)
Aiming: Throw Flame
Press: ? - help, Shift-Dir - straight line, f/p - gnoll
Aim: a gnoll, wielding a +2 vampiric spear The puff of flame misses the gnoll.
The puff of flame misses your crimson imp.
The gnoll misses you.
The gnoll throws a throwing net.
The throwing net hits you.
You become entangled in the net!
The gnoll barely misses you.
You struggle against the net.
Your crimson imp hits the gnoll.
The gnoll hits you but does no damage.
The gnoll hits you from afar with a +2 vampiric spear.
* * * LOW HITPOINT WARNING * * *
You struggle against the net.
Your crimson imp hits the gnoll but does no damage.
The gnoll hits you.
* * * LOW HITPOINT WARNING * * *
The gnoll hits you from afar with a +2 vampiric spear!
You die...
Fedhas appreciates your contribution to the ecosystem.

........###..........#
........#
#.>.......)####
.).#....#
##.###.##†#...##
...#....# #.
#.##......## ........#
# ##.##.......#
....#####
#[##..##.......#
.......
##.†............#
.......
##..............##
........
#....>.@g........#
.#.#####
#........g5......#
....###
.........g.......#
.......
........###.w...##
....... .#####.##
#....## ....... #.
##.### ....... #. #..#
#.##..# .. <.## .[# .#
.###


You could see a worm, 3 gnolls and a friendly crimson imp.

Vanquished Creatures
  Natasha (twice) (D:2)
  3 adders (D:2)
  A gnoll (D:3)
  An ooze (D:2)
  A worm (D:3)
  3 dart slugs
  2 leopard geckos
  4 orcs
  8 bats
  4 giant cockroaches
  10 goblins
  7 hobgoblins
  4 jackals (D:2)
  A quokka (D:2)
  4 ball pythons (D:2)
  7 frilled lizards
  5 kobolds
  7 rats
74 creatures vanquished.

Vanquished Creatures (collateral kills)
  Natasha (D:2)
1 creature vanquished.

Grand Total: 75 creatures vanquished

Notes
Turn   | Place    | Note
-------+----------+-------------------------------------------
     0 | D:1      | Gruesph the Naga Wizard began the quest for the Orb.
     0 | D:1      | Reached XP level 1. HP: 15/15 MP: 4/4
   317 | D:1      | Reached XP level 2. HP: 21/24 MP: 0/6
   321 | D:1      | Learned a level 2 spell: Blink
   324 | D:1      | Learned a level 2 spell: Call Imp
   679 | D:1      | Reached skill level 1 in Fighting
   986 | D:1      | Reached XP level 3. HP: 31/31 MP: 4/7
  1280 | D:1      | Learned a level 3 spell: Conjure Flame
  1585 | D:2      | Reached skill level 4 in Stealth
  1636 | D:2      | Reached XP level 4. HP: 33/38 MP: 5/8
  2594 | D:2      | Noticed Natasha
  2607 | D:2      | Killed Natasha
  2607 | D:2      | Reached XP level 5. HP: 12/45 MP: 0/9
  3376 | D:2      | Noticed Natasha
  3386 | D:2      | Killed Natasha
  3504 | D:2      | Noticed Natasha
  3515 | D:2      | Killed Natasha
  3936 | D:3      | Found a blossoming altar of Fedhas.
  3944 | D:3      | Became a worshipper of Fedhas Madash
  4214 | D:3      | Slain by a gnoll

Levels and vault maps discovered:
D:1:      dpeg_arrival_arbitrary_c, layout_basic
D:2:      layout_basic, minmay_pentomino_z2, uniq_natasha
D:3:      layout_rooms, first_ration, fedhas_altar_3

Skill      XL: |  1  2  3  4  5 |
---------------+----------------+-----
Fighting       | 1 2 |  2.1
Stealth        | 4 |  4.8
Conjurations   | 2 |  2.5
Summonings     | 2 |  2.3
Translocations | 2 |  2.3
Dodging        | |  1.5
Spellcasting   | |  3.0

Action                   |  1- 3 |  4- 6 || total
-------------------------+-------+-------++-------
Melee: Unarmed           |     8 |       ||     8
       Club              |     6 |       ||     6
       Dagger            |     2 |       ||     2
       Trident           |    28 |    30 ||    58
 Cast: Magic Dart        |    64 |    91 ||   155
       Call Imp          |       |     4 ||     4
       Blink             |       |     1 ||     1
Evoke: Wand              |       |     1 ||     1
 Stab: Sleeping          |     3 |     4 ||     7
  Eat: Chunk             |     1 |     3 ||     4
       Ration            |       |     1 ||     1
Armor: Robe              |    14 |     3 ||    17
Dodge: Dodged            |    21 |    15 ||    36
